 Dungeon Crawl Stone Soup version 0.31-a0-986-g5e6e4ef867 (webtiles) character file.

Game seed: 10554551987208056519

272 Lobster4 the Trooper (level 6, -11/53 HPs)
             Began as a Hill Orc Fighter on Nov 22, 2023.
             Mangled by an ogre
             ... wielding a +0 giant club
              (28 damage)
             ... on level 4 of the Dungeon.
             The game lasted 00:06:12 (2518 turns).

Lobster4 the Trooper (Hill Orc Fighter)             Turns: 2518, Time: 00:06:13

Health: -11/53     AC:  8    Str: 25    XL:     6   Next: 23%
Magic:  8/8        EV:  9    Int: 10    God:
Gold:   236        SH:  4    Dex: 10    Spells: 6/7 levels left

rFire   . . .        a - +0 war axe
rCold   . . .        c - +0 buckler
rNeg    . . .        b - +0 scale mail
rPois   +            (no helmet)
rElec   .            (no cloak)
rCorr   .            e - +0 pair of gloves
SInv    .            (no boots)
Will    .....        (no amulet) Stlth
                     g - +6 ring of strength
HPRegen 0.28/turn    o - ring of poison resistance
MPRegen 0.11/turn

%: no passive effects
@: no status effects
A: no striking features
a: no special abilities


You were on level 4 of the Dungeon.
You visited 1 branch of the dungeon, and saw 4 of its levels.

You collected 236 gold pieces.

Inventory:

Hand Weapons
 a - a +0 war axe (weapon)
 m - a +0 sling
Missiles
 q - 38 stones
 v - 2 boomerangs
Armour
 b - a +0 scale mail (worn)
 c - a +0 buckler (worn)
 e - a +0 pair of gloves (worn)
 h - a +0 ring mail
 j - a +0 robe
 u - a +0 cloak
Magical Staves
 f - a staff of death
Jewellery
 g - a +6 ring of strength (left hand)
 k - a ring of resist corrosion
 o - a ring of poison resistance (right hand)
Scrolls
 t - a scroll of fear
Potions
 d - 4 potions of might
 r - 4 potions of curing


   Skills:
 + Level 4.7 Fighting
 + Level 4.3 Axes
 + Level 4.3 Armour
 + Level 4.3 Shields
 + Level 1.4 Spellcasting
 + Level 2.0 Fire Magic


You had 6 spell levels left.
You knew the following spells:

 Your Spells              Type           Power      Damage    Failure   Level
a - Foxfire               Conj/Fire      8%         2x1d4     52%         1

Your spell library contained the following spells:

 Spells                   Type           Power      Damage    Failure   Level
 Necrotise                Necr           0%         1d4       65%         1
 Vampiric Draining        Necr           0%         2d6       95%         3
 Agony                    Necr           0%         N/A       100%        5
 Plasma Beam              Fire/Air       1%         2x1d11    100%        6
 Starburst                Conj/Fire      1%         6d3       100%        6


Dungeon Overview and Level Annotations

Branches:
Dungeon (4/15)
 Temple: D:4-7

Altars:
Ashenzari
Gozag
Xom


Message History

You throw a boomerang. The ogre shouts!
The boomerang hits the ogre.
The ogre is lightly wounded.
The ogre moves out of view.
Throw: 2 boomerangs
Press: ? - help, Shift-Dir - straight line, f - you Really target yourself?
Okay, then.
Throw: 2 boomerangs
Press: ? - help, Shift-Dir - straight line, f - ogre
Aim: an ogre, wielding a +0 giant club (lightly wounded, 71% to hit)
You throw a boomerang. The boomerang hits the ogre.
The ogre is moderately wounded.
Throw: 2 boomerangs
Press: ? - help, Shift-Dir - straight line, f/p - ogre
Aim: an ogre, wielding a +0 giant club (moderately wounded, 71% to hit)
You throw a boomerang. The boomerang hits the ogre.
The ogre is moderately wounded.
Throw: 2 boomerangs
Press: ? - help, Shift-Dir - straight line, f/p - ogre
Aim: an ogre, wielding a +0 giant club (moderately wounded, 71% to hit)
You throw a boomerang. The boomerang barely misses the ogre.
You hit the ogre.
The ogre is heavily wounded.
The ogre hits you with a +0 giant club!
You hit the ogre.
The ogre is severely wounded.
The ogre hits you with a +0 giant club!!
You are too injured to fight recklessly!
You barely miss the ogre.
The ogre is severely wounded.
The ogre hits you with a +0 giant club.
You slash the ogre!
The ogre is almost dead.
You hit the ogre but do no damage.
The ogre is almost dead.
The ogre hits you with a +0 giant club!!
Ouch! That really hurt!
You die...

.. ### #.# . #.# .. ## #§# #
#.##.####§## .#
......§§§§###.#
##..#§.#.#...##
##......@.#....####
#.......O§........#.
##.....§.§....#.#........
#.#....§..........#....#.
#...............#.#....#...
##....................##...
............................
#####.......##..............
##........<............#


You could see an ogre.

Vanquished Creatures
  A scorpion (D:3)
  A howler monkey (D:4)
  An orc wizard (D:4)
  5 adders
  2 worms
  8 dart slugs (D:3)
  4 orcs
  9 ball pythons
  7 endoplasms
  A giant cockroach (D:3)
  2 goblins
  6 hobgoblins
  6 jackals
  4 kobolds
  4 quokkas
  7 bats
  4 rats
72 creatures vanquished.

Notes
Turn   | Place    | Note
-------+----------+-------------------------------------------
     0 | D:1      | Lobster4 the Hill Orc Fighter began the quest for the Orb.
     0 | D:1      | Reached XP level 1. HP: 19/19 MP: 1/1
   146 | D:1      | Reached XP level 2. HP: 26/27 MP: 2/2
  1055 | D:2      | Reached XP level 3. HP: 33/33 MP: 3/3
  1069 | D:2      | Found a faded altar of an unknown god.
  1277 | D:2      | Reached XP level 4. HP: 26/40 MP: 4/4
  1849 | D:3      | Reached skill level 1 in Fire Magic
  1903 | D:3      | Found a broken altar of Ashenzari.
  1904 | D:3      | Found a shimmering altar of Xom.
  1912 | D:3      | Found an opulent altar of Gozag.
  1979 | D:3      | Learned a level 1 spell: Foxfire
  2004 | D:3      | Reached skill level 1 in Spellcasting
  2004 | D:3      | Reached XP level 5. HP: 47/47 MP: 6/6
  2351 | D:4      | Reached XP level 6. HP: 44/53 MP: 6/8
  2518 | D:4      | Mangled by an ogre

Illustrated notes

Levels and vault maps discovered:
D:1:      dpeg_arrival_chambers_temple_mockup, layout_loops_cross,
          corexii_hall_statues_t, corexii_corridor_pit, minmay_misc_feat_x,
          minmay_unequal
D:2:      layout_loops_ring, hellmonk_ecumenical_altar_dog_temple,
          kennysheep_generic_room_2
D:3:      kennysheep_slugbush, layout_rooms, gammafunk_temple_overflow_forgotten
D:4:      old_forge, layout_cave_pools, minmay_temple_entry_glassed_door,
          serial_co_window_serial, co_window_paths_b, co_window_paths_a,
          co_window_of_opportunity_a, co_window_of_opportunity_a,
          co_window_cross_1, co_window_paths_a, co_window_corner_a,
          co_window_paths_b, co_window_paths_b, co_window_corner_ca,
          co_window_of_opportunity_b, co_window_broadway_a, co_window_4corner_a,
          glass_columns_a, glass_columns_b

Skill      XL: |  1  2  3  4  5  6 |
---------------+-------------------+-----
Axes           | 3 4 |  4.3
Fighting       | 4 |  4.7
Fire Magic     | 1 2 |  2.0
Armour         | 4 |  4.3
Spellcasting   | 1 |  1.4
Shields        | 4 |  4.3

Action                     |  1- 3 |  4- 6 || total
---------------------------+-------+-------++-------
  Melee: War axe           |   106 |   107 ||   213
  Throw: Boomerang         |       |     4 ||     4
    Use: Scroll            |       |    10 ||    10
 Armour: Scale mail        |    90 |   114 ||   204
  Dodge: Dodged            |    59 |    58 ||   117
  Block: Buckler           |    28 |    21 ||    49

Table legend: (Time is in decaauts)
 A = Elapsed time spent in this place.
 B = Non-inter-level travel time spent in this place.
 C = Inter-level travel time spent in this place.
 D = Time resting spent in this place.
 E = Time spent auto-exploring this place.
 F = Levels seen in this place.
 G = Mean time per level.
                   A        B        C        D        E       F      G
               +--------+--------+--------+--------+--------+-----+--------+
         Total |   2603 |   2535 |     68 |    137 |   1777 |   4 |  650.8 |
       Dungeon |   2603 |   2535 |     68 |    137 |   1777 |   4 |  650.8 |
               +--------+--------+--------+--------+--------+-----+--------+

Top non-repeatable levels by time:
     D:1: 922 daAuts
     D:2: 813 daAuts
     D:3: 692 daAuts
     D:4: 175 daAuts
